PIO (24 & UNDER)
SASKATOON SMOKIN' GUNS @ SALEM SLEDGEHAMMERS
09/11/2026
 
TOP OF THE 1ST
Saskatoon Smokin' Guns batting - Pitching for Salem Sledgehammers : RHP Guillermo Martínez
Pitching: RHP Guillermo Martínez
Batting: LHB Alejandro Rojas 0-0: Called Strike
0-1: Foul Ball, location: 2F
0-2: SINGLE (Flyball, 7S)
Batting: RHB Rijk de Rade 0-0: Ball
1-0: Ball
2-0: Foul Ball, location: 2F
2-1: Ball
3-1: Foul Ball, location: 2F
3-2: DOUBLE (Flyball, 8RM)
Alejandro Rojas to third
Batting: LHB Raúl Casillán 0-0: Ball
1-0: Called Strike
1-1: Ball
2-1: Ball
3-1: Base on Balls
Batting: LHB José Liñares 0-0: Called Strike
0-1: Ground out 5-3 (Groundball, 56S)
Alejandro Rojas scores
Rijk de Rade to third
Raúl Casillán to second
Batting: RHB César Rodríguez 0-0: Called Strike
0-1: Called Strike
0-2: Ground out 5-3 (Groundball, 5S)
Batting: LHB Russell Peck 0-0: Swinging Strike
0-1: Swinging Strike
0-2: Ball
1-2: Strikes out swinging
Top of the 1st over - 1 run(s), 2 hit(s), 0 error(s), 2 left on base; Saskatoon 1 - Salem 0
BOTTOM OF THE 1ST
Salem Sledgehammers batting - Pitching for Saskatoon Smokin' Guns : RHP Dan Handy
Pitching: RHP Dan Handy
Batting: RHB Luis Bustamante 0-0: Ball
1-0: Called Strike
1-1: Foul Ball, location: 2F
1-2: Strikes out swinging
Batting: LHB José Rivera 0-0: Called Strike
0-1: SOLO HOME RUN (Line Drive, 89XD), Distance : 404 ft
Batting: LHB Nathan Frey 0-0: Foul Ball, location: 2F
0-1: Ball
1-1: Ball
2-1: Ground out 1-3 (Groundball, 15S)
Batting: SHB Enrique Uribe 0-0: Swinging Strike
0-1: SINGLE (Groundball, 56D)
Batting: RHB Bobby Miller 0-0: Ball
Wild Pitch!
Enrique Uribe to second
1-0: Foul Ball, location: 2F
1-1: Ball
2-1: Foul Ball, location: 2F
2-2: Ball
3-2: Base on Balls
Batting: SHB Júlio Salazar 0-0: Ball
1-0: SINGLE (Line Drive, 7S)
Enrique Uribe to third
Bobby Miller to second
Batting: RHB Patrick Daniels 0-0: Ball
1-0: Ball
2-0: Fly out, F9 (Flyball, 9M)
Bottom of the 1st over - 1 run(s), 3 hit(s), 0 error(s), 3 left on base; Saskatoon 1 - Salem 1
TOP OF THE 2ND
Saskatoon Smokin' Guns batting - Pitching for Salem Sledgehammers : RHP Guillermo Martínez
Batting: RHB Johnny MacNamara 0-0: SINGLE (Line Drive, 8LS)
Batting: LHB Bo Rush 0-0: Swinging Strike
0-1: Ball
1-1: Ball
2-1: Called Strike
2-2: Ball
3-2: Strikes out looking
Throwing error on steal attempt, E2
Johnny MacNamara to third
Batting: RHB Alvin Hampton 0-0: Ball
1-0: Foul Ball, location: 2F
1-1: Swinging Strike
1-2: Foul Ball, location: 2F
1-2: Strikes out swinging
Batting: LHB Alejandro Rojas 0-0: Ball
1-0: Ball
2-0: Ball
3-0: Base on Balls
Batting: RHB Rijk de Rade 0-0: Called Strike
0-1: Ball
1-1: Ball
2-1: DOUBLE (Line Drive, 7LM)
Johnny MacNamara scores
Alejandro Rojas to third
Runner from 3rd tries for Home, throw and OUT!
Top of the 2nd over - 1 run(s), 2 hit(s), 1 error(s), 1 left on base; Saskatoon 2 - Salem 1
BOTTOM OF THE 2ND
Salem Sledgehammers batting - Pitching for Saskatoon Smokin' Guns : RHP Dan Handy
Batting: LHB Caleb Hall 0-0: DOUBLE (Groundball, 3L)
Batting: RHB Lakota O'Reilly 0-0: Ball
1-0: Ball
2-0: Foul Ball, location: 2F
Balk!
Caleb Hall to third
2-1: Foul Ball, location: 2F
2-2: Fly out, F8 (Line Drive, 8RM)
Runner from 3rd tags up, SCORES, throw made
Batting: RHB Luis Bustamante 0-0: Ball
1-0: Ball
2-0: Called Strike
2-1: Swinging Strike
2-2: Foul Ball, location: 2F
2-2: Ball
3-2: Foul Ball, location: 2F
3-2: Strikes out swinging
Batting: LHB José Rivera 0-0: SINGLE (Flyball, 8RS)
Batting: LHB Nathan Frey 0-0: Ball
1-0: Called Strike
1-1: Called Strike
José Rivera steals 2nd base
1-2: Foul Ball, location: 2F
1-2: Ball
2-2: Ball
3-2: SINGLE (Line Drive, 8LS)
José Rivera to third
José Rivera scores
Batting: SHB Enrique Uribe 0-0: Foul Ball, location: 2F
0-1: Ball
1-1: Ball
2-1: Ball
3-1: Base on Balls
Nathan Frey to second
Batting: RHB Bobby Miller 0-0: Foul Ball, location: 2F
0-1: Foul Ball, location: 2F
0-2: DOUBLE (Flyball, 7D)
Nathan Frey scores
Enrique Uribe to third
Runner from 3rd tries for Home, SAFE, no throw or cutoff
Batting: SHB Júlio Salazar 0-0: Called Strike
Bobby Miller is caught stealing 3rd base
Bottom of the 2nd over - 4 run(s), 4 hit(s), 0 error(s), 0 left on base; Saskatoon 2 - Salem 5
TOP OF THE 3RD
Saskatoon Smokin' Guns batting - Pitching for Salem Sledgehammers : RHP Guillermo Martínez
Batting: LHB Raúl Casillán 0-0: Called Strike
0-1: Ball
1-1: Ball
2-1: Called Strike
2-2: Strikes out swinging
Batting: LHB José Liñares 0-0: Ball
1-0: Ball
2-0: Called Strike
2-1: Ball
3-1: Base on Balls
Batting: RHB César Rodríguez 0-0: Ball
1-0: Foul Ball, location: 2F
1-1: Swinging Strike
1-2: Foul Ball, location: 2F
1-2: Ball
2-2: Ball
3-2: Strikes out looking
Batting: LHB Russell Peck 0-0: Called Strike
0-1: Ball
1-1: SINGLE (Groundball, 6M)
José Liñares to second
Runner from 2nd tries for 3rd, SAFE, no throw or cutoff
Batting: RHB Johnny MacNamara 0-0: Ball
1-0: Ball
2-0: Called Strike
2-1: Ball
3-1: Foul Ball, location: 2F
3-2: Strikes out looking
Top of the 3rd over - 0 run(s), 1 hit(s), 0 error(s), 2 left on base; Saskatoon 2 - Salem 5
BOTTOM OF THE 3RD
Salem Sledgehammers batting - Pitching for Saskatoon Smokin' Guns : RHP Dan Handy
Batting: SHB Júlio Salazar 0-0: Called Strike
0-1: Foul Ball, location: 2F
0-2: Fly out, F7 (Flyball, 7M)
Batting: RHB Patrick Daniels 0-0: Ground out 1-3 (Groundball, 13S)
Batting: LHB Caleb Hall 0-0: Ball
1-0: Ball
2-0: Foul Ball, location: 2F
2-1: Ball
3-1: Base on Balls
Batting: RHB Lakota O'Reilly 0-0: Foul Ball, location: 2F
0-1: Ball
1-1: Ball
2-1: Ball
3-1: Base on Balls
Caleb Hall to second
Batting: RHB Luis Bustamante 0-0: Ball
1-0: Ball
2-0: Called Strike
2-1: Foul Ball, location: 2F
2-2: SINGLE (Groundball, 56)
Caleb Hall to third
Lakota O'Reilly to second
Runner from 3rd tries for Home, SAFE, no throw or cutoff
Batting: LHB José Rivera 0-0: Swinging Strike
0-1: Ball
1-1: Called Strike
1-2: Foul Ball, location: 2F
1-2: Strikes out swinging
Bottom of the 3rd over - 1 run(s), 1 hit(s), 0 error(s), 2 left on base; Saskatoon 2 - Salem 6
TOP OF THE 4TH
Saskatoon Smokin' Guns batting - Pitching for Salem Sledgehammers : RHP Guillermo Martínez
Batting: LHB Bo Rush 0-0: Ball
1-0: Called Strike
1-1: Foul Ball, location: 2F
1-2: Strikes out swinging
Batting: RHB Alvin Hampton 0-0: Swinging Strike
0-1: Ball
1-1: Ball
2-1: SINGLE (Groundball, 6MD)
Batting: LHB Alejandro Rojas 0-0: Ball
1-0: Fielders Choice at 2nd, 3-6 (Groundball, 3)
Batting: RHB Rijk de Rade 0-0: Ball
Alejandro Rojas steals 2nd base
1-0: Ground out 4-3 (Groundball, 4M)
Top of the 4th over - 0 run(s), 1 hit(s), 0 error(s), 1 left on base; Saskatoon 2 - Salem 6
BOTTOM OF THE 4TH
Salem Sledgehammers batting - Pitching for Saskatoon Smokin' Guns : RHP Dan Handy
Batting: LHB Nathan Frey 0-0: Called Strike
0-1: Foul Ball, location: 2F
0-2: Ball
1-2: SINGLE (Line Drive, 4D)
Batting: SHB Enrique Uribe 0-0: Called Strike
0-1: Ball
1-1: Ball
2-1: Swinging Strike
2-2: Reached on error, E1 (Groundball, 13)
Nathan Frey to second
Pitching: RHP Luis Mejía
Batting: RHB Bobby Miller 0-0: Called Strike
0-1: Swinging Strike
0-2: Ball
1-2: Strikes out swinging
Batting: SHB Júlio Salazar 0-0: Ball
1-0: Fly out, F7 (Line Drive, 7M)
Batting: RHB Patrick Daniels 0-0: Ball
1-0: Fly out, F9 (Flyball, 9LD)
Bottom of the 4th over - 0 run(s), 1 hit(s), 1 error(s), 2 left on base; Saskatoon 2 - Salem 6
TOP OF THE 5TH
Saskatoon Smokin' Guns batting - Pitching for Salem Sledgehammers : RHP Guillermo Martínez
Batting: LHB Raúl Casillán 0-0: Ball
1-0: Ball
2-0: Ball
3-0: Called Strike
3-1: Base on Balls
Pitching: RHP Claudio Cuevas
Batting: LHB José Liñares 0-0: Foul Ball, location: 2F
0-1: Ball
1-1: Ball
2-1: Foul Ball, location: 2F
2-2: DOUBLE (Flyball, 78XD)
Raúl Casillán to third
Batting: RHB César Rodríguez 0-0: SINGLE (Groundball, 6M)
Raúl Casillán scores
José Liñares to third
Runner from 3rd tries for Home, SAFE, no throw or cutoff
Batting: LHB Russell Peck 0-0: Ball
1-0: Ball
2-0: Called Strike
2-1: Fly out, F7 (Flyball, 7D)
Batting: RHB Johnny MacNamara 0-0: Ball
1-0: Ball
2-0: Swinging Strike
2-1: Swinging Strike
2-2: Strikes out swinging
Batting: LHB Bo Rush 0-0: Ball
1-0: Swinging Strike
1-1: Ball
2-1: Foul Ball, location: 2F
2-2: Hit by Pitch
César Rodríguez to second
Batting: RHB Alvin Hampton 0-0: Ball
1-0: Called Strike
1-1: Ball
2-1: Foul Ball, location: 2F
2-2: Strikes out looking
Top of the 5th over - 2 run(s), 2 hit(s), 0 error(s), 2 left on base; Saskatoon 4 - Salem 6
BOTTOM OF THE 5TH
Salem Sledgehammers batting - Pitching for Saskatoon Smokin' Guns : RHP Luis Mejía
Batting: LHB Caleb Hall 0-0: Called Strike
0-1: Ball
1-1: Ball
2-1: Ball
3-1: Base on Balls
Batting: RHB Lakota O'Reilly 0-0: Ball
1-0: Called Strike
1-1: Ball
2-1: Foul Ball, location: 2F
2-2: Ball
3-2: Foul Ball, location: 2F
3-2: Grounds into double play, 6-4-3 (Groundball, 6)
Batting: RHB Luis Bustamante 0-0: Called Strike
0-1: Foul Ball, location: 2F
0-2: Fly out, F8 (Flyball, 8LM)
Bottom of the 5th over - 0 run(s), 0 hit(s), 0 error(s), 0 left on base; Saskatoon 4 - Salem 6
TOP OF THE 6TH
Saskatoon Smokin' Guns batting - Pitching for Salem Sledgehammers : RHP Claudio Cuevas
Batting: LHB Alejandro Rojas 0-0: Called Strike
0-1: Swinging Strike
0-2: Strikes out looking
Batting: RHB Rijk de Rade 0-0: Fly out, F7 (Flyball, 7S)
Batting: LHB Raúl Casillán 0-0: Fly out, F6 (Line Drive, 6)
Top of the 6th over - 0 run(s), 0 hit(s), 0 error(s), 0 left on base; Saskatoon 4 - Salem 6
BOTTOM OF THE 6TH
Salem Sledgehammers batting - Pitching for Saskatoon Smokin' Guns : RHP Luis Mejía
Batting: LHB José Rivera 0-0: Ground out 6-3 (Groundball, 6)
Batting: LHB Nathan Frey 0-0: Ball
1-0: Ball
2-0: Ball
3-0: Called Strike
3-1: Ground out 4-3 (Groundball, 4)
Batting: SHB Enrique Uribe 0-0: Ball
1-0: Ground out 5-3 (Groundball, 56)
Bottom of the 6th over - 0 run(s), 0 hit(s), 0 error(s), 0 left on base; Saskatoon 4 - Salem 6
TOP OF THE 7TH
Saskatoon Smokin' Guns batting - Pitching for Salem Sledgehammers : RHP Claudio Cuevas
Pitching: LHP Pepe Gómez
Batting: LHB José Liñares 0-0: Ball
1-0: Called Strike
1-1: Ground out 6-3 (Groundball, 6)
Batting: RHB César Rodríguez 0-0: Called Strike
0-1: Fly out, F7 (Flyball, 7D)
Pitching: RHP Blake Koepke
Batting: LHB Russell Peck 0-0: Called Strike
0-1: Fly out, F7 (Flyball, 78S)
Top of the 7th over - 0 run(s), 0 hit(s), 0 error(s), 0 left on base; Saskatoon 4 - Salem 6
BOTTOM OF THE 7TH
Salem Sledgehammers batting - Pitching for Saskatoon Smokin' Guns : RHP Luis Mejía
Pitching: RHP Denny Koch
Batting: RHB Bobby Miller 0-0: Fly out, F6 (Popup, 6)
Batting: SHB Júlio Salazar 0-0: SINGLE (Line Drive, 8RS)
Batting: RHB Patrick Daniels 0-0: Ball
1-0: Ball
Júlio Salazar is caught stealing 2nd base
2-0: Ground out 5-3 (Groundball, 5)
Bottom of the 7th over - 0 run(s), 1 hit(s), 0 error(s), 0 left on base; Saskatoon 4 - Salem 6
TOP OF THE 8TH
Saskatoon Smokin' Guns batting - Pitching for Salem Sledgehammers : RHP Blake Koepke
Batting: RHB Johnny MacNamara 0-0: Foul Ball, location: 2F
0-1: Ball
1-1: Called Strike
1-2: Foul Ball, location: 2F
1-2: Ground out 6-3 (Groundball, 56)
Batting: LHB Bo Rush 0-0: Foul Ball, location: 2F
0-1: DOUBLE (Line Drive, 9LS)
Batting: RHB Alvin Hampton 0-0: Called Strike
0-1: Ball
1-1: Called Strike
1-2: Fly out, F9 (Flyball, 9M)
Pitching: LHP Alberto Pagán
Batting: LHB Alejandro Rojas 0-0: Foul Ball, location: 2F
0-1: Ball
1-1: Called Strike
1-2: Foul Ball, location: 2F
1-2: Ball
2-2: Strikes out swinging
Top of the 8th over - 0 run(s), 1 hit(s), 0 error(s), 1 left on base; Saskatoon 4 - Salem 6
BOTTOM OF THE 8TH
Salem Sledgehammers batting - Pitching for Saskatoon Smokin' Guns : RHP Denny Koch
Batting: LHB Caleb Hall 0-0: Foul Ball, location: 2F
0-1: Ball
1-1: Foul Ball, location: 2F
1-2: Strikes out swinging
Batting: RHB Lakota O'Reilly 0-0: Ball
1-0: Ball
2-0: Called Strike
2-1: Called Strike
2-2: Ball
3-2: Foul Ball, location: 2F
3-2: Strikes out swinging
Batting: RHB Luis Bustamante 0-0: Ball
1-0: Hit by Pitch
Batting: LHB José Rivera 0-0: Ball
1-0: Foul Ball, location: 2F
1-1: Fly out, F8 (Flyball, 8RD)
Bottom of the 8th over - 0 run(s), 0 hit(s), 0 error(s), 1 left on base; Saskatoon 4 - Salem 6
TOP OF THE 9TH
Saskatoon Smokin' Guns batting - Pitching for Salem Sledgehammers : LHP Alberto Pagán
Pitching: RHP Norberto Deleón
Batting: RHB Rijk de Rade 0-0: Ball
1-0: Ball
2-0: Called Strike
2-1: Swinging Strike
2-2: Strikes out swinging
Batting: LHB Raúl Casillán 0-0: Called Strike
0-1: Called Strike
0-2: Ball
1-2: DOUBLE (Line Drive, 8RM)
Batting: LHB José Liñares 0-0: Called Strike
0-1: Ball
1-1: Ball
2-1: Called Strike
2-2: Strikes out swinging
Batting: RHB César Rodríguez 0-0: Fly out, F6 (Popup, 56D)
Top of the 9th over - 0 run(s), 1 hit(s), 0 error(s), 1 left on base; Saskatoon 4 - Salem 6
Monday, December 5th, 2016 - OOTP Baseball 17.12 Build 75